[Event "39th Muensterland Open 2022"]
[Site "Muenster"]
[Date "2022.10.03"]
[Round "4.9"]
[White "Kamp, Adrian"]
[Black "Goldschmidt, Christian"]
[Result "1/2-1/2"]
[ECO "C45"]
[WhiteElo "1999"]
[BlackElo "2226"]
[Annotator "TA"]
[PlyCount "116"]
[EventDate "2022.10.01"]
[EventType "swiss"]
[EventCountry "GER"]
[SourceTitle "playchess.com"]
[Source "ChessBase"]
[SourceQuality "1"]
[TimeControl "40/5400+30:1800+30"]

1. e4 e5 2. Nf3 Nc6 3. d4 exd4 4. Nxd4 Nf6 5. Nxc6 bxc6 6. e5 Qe7 7. Qe2 Nd5 8. c4 Ba6 9. Nd2 Nf4 (9... g6 $11 {deserves consideration.}) 10. Qe4 {[%emt 0:03:45] C45: Scotch Game.} (10. Qe3 $5 Ng6 11. f4 $11) 10... Ne6 11. b3 {[%emt 0:11:30] [#]} Rb8 $146 ({Predecessor:} 11... g6 12. Nf3 Bg7 13. Be2 O-O 14. O-O d5 15. exd6 cxd6 16. Rb1 Bb7 17. Qc2 c5 {0-1 (31) Gomez Garrido,C (2496)-Granda Zuniga,J (2663) Barcelona 2014}) 12. f4 {[%emt 0:02:06] White has an edge.} c5 13. Nf3 (13. Bb2 $11 {was preferrable.}) 13... Bb7 $15 14. Qe3 g6 $1 15. Bb2 Bh6 16. g3 Nd4 17. Bxd4 cxd4 18. Qd3 d6 19. Bg2 dxe5 {[%emt 0:00:35] ...e4 is the strong threat.} 20. O-O O-O (20... exf4 $2 21. Rae1 Qe3+ 22. Rxe3+ fxe3 23. Ne5 $18) (20... f6 $17 {Hoping for ...c5.} 21. Rae1 e4 22. Qxd4 c5) 21. Nxe5 $11 Bxg2 22. Kxg2 {[%emt 0:00:16] Black must now prevent Nc6.} c5 (22... Qd6 $11) 23. Nc6 $1 $16 Qb7 24. Qf3 Rbe8 {[%emt 0:09:44] [#]} 25. Nxd4 $1 Qa6 {[%emt 0:02:34] [#]} 26. Nb5 $36 {[%emt 0:03:00][%mdl 2048] Threatens to win with Nc7. Keeping Black busy.} Bg7 27. Nc7 Qa3 (27... Qa5 $142 28. Nxe8 Bxa1) 28. Nxe8 Bxa1 29. Qe2 Bd4 {[%emt 0:03:52] [#]} 30. Nc7 $1 {[%emt 0:02:40] Inhibits Qa6.} Qa5 31. Nd5 Qd8 32. Re1 a5 33. f5 Kg7 34. Qe4 Qg5 35. fxg6 hxg6 36. Qf4 {[%emt 0:03:22] Active counter play!} Qxf4 37. Nxf4 {[%emt 0:03:09][%mdl 4096] Endgame KRB-KRN} ({Better is} 37. gxf4 $16 a4 38. bxa4) 37... a4 $11 38. Nd5 axb3 {[%emt 0:00:45] The position is equal.} 39. axb3 Rb8 40. Rb1 Ra8 41. b4 Ra2+ 42. Kh1 cxb4 43. Nxb4 Rd2 44. Nc6 Bb2 45. Na5 Rc2 46. Nb3 f5 47. c5 Kf6 48. Rd1 Rc3 49. Rd6+ Ke5 50. Rb6 g5 51. c6 Ba3 52. Rb5+ Kd6 53. Nd4 Bc5 54. Nxf5+ Kxc6 55. Rb1 g4 56. Re1 Kd5 57. Nh6 Rc4 58. h4 gxh3 {[%emt 0:00:56] Black defended with fortune.  Weighted Error Value: White=0.10 (very precise) /Black=0.11 (very precise)} 1/2-1/2

[Event "39th Muensterland Open 2022"]
[Site "Muenster"]
[Date "2022.10.03"]
[Round "4.10"]
[White "Gallasch, Robin"]
[Black "Koellner, Aaron Noah"]
[Result "1/2-1/2"]
[ECO "A41"]
[WhiteElo "2021"]
[BlackElo "2204"]
[Annotator "TA"]
[PlyCount "104"]
[EventDate "2022.10.01"]
[EventType "swiss"]
[EventCountry "GER"]
[SourceTitle "playchess.com"]
[Source "ChessBase"]
[SourceQuality "1"]
[TimeControl "40/5400+30:1800+30"]

1. d4 d6 2. c4 e5 3. dxe5 dxe5 4. Qxd8+ Kxd8 5. Nc3 Be6 6. b3 c6 7. Bb2 {[%emt 0:00:08] A41: 1 d4 d6: Tartakower System and Modern Defence.} Nd7 8. g3 Nh6 9. Bg2 f6 10. e3 Kc7 11. Nge2 Nc5 12. Rd1 {[%emt 0:06:38] Inhibits Nd3+.} a5 13. O-O a4 {[%emt 0:00:00] [#]} 14. Nc1 $146 ({Predecessor:} 14. Ba3 axb3 15. Bxc5 Bxc5 16. axb3 Ra3 17. Rb1 Bb4 18. Rfc1 Rd8 19. Kf1 Nf7 20. Rc2 {0-1 (39) Medeiros Jr,F-Reis,P (2376) Salvador 2010}) 14... a3 15. Ba1 Nf7 16. Nd3 Nxd3 17. Rxd3 h5 18. Rc1 Bf5 19. e4 Bc8 20. c5 h4 21. Na4 Be6 22. f4 (22. Bc3 $11) 22... g6 $1 $15 23. fxe5 ({White should play} 23. Rf3 $15) 23... fxe5 $2 (23... Nxe5 $17 {keeps the pressure on.} 24. Bxe5+ fxe5) 24. Rf1 $36 {[%emt 0:00:54][%cal Of1f7][%mdl 2048] Black must now prevent Rxf7+! White is in control.} Bg7 $2 {[%emt 0:00:00] [#]} (24... Re8 25. Bh3 Bxh3 26. Rxf7+ Kb8) 25. Bh3 $1 Rad8 26. Rxd8 (26. Bxe6 $142 Rxd3 27. Rxf7+ Kb8 28. Bc3 (28. Rxg7 Rd1+ 29. Kf2 hxg3+ 30. hxg3 Rxa1 $16) 28... hxg3 29. hxg3 (29. Rxg7 {gets mated.} gxh2+ 30. Kf2 h1=Q 31. Rg8+ Rxg8 32. Bxe5+ Ka7 33. Bg4 Rf8+) 29... Rxg3+ 30. Kf2 Rxc3 31. Nxc3) 26... Nxd8 27. Bxe6 Nxe6 28. Rf7+ Kd8 29. Rxb7 hxg3 (29... Rf8 {was worth a try.}) 30. hxg3 Rh5 31. Bc3 Bh6 32. Bb4 (32. Ba5+ $18 {is more deadly.} Ke8 33. Kg2) 32... Bc1 (32... g5 $16 {might work better.}) 33. Kg2 g5 (33... Be3 {was called for.} 34. Bxa3 g5 35. Rb8+ Kc7) 34. Nb6 g4 35. Nc4 {[%emt 0:00:24] Against Be3. aiming for Nd6.} Ke8 36. Nd6+ Kf8 37. Rf7+ (37. Rb8+ $142 Kg7 38. Nf5+ Kf7 39. Rc8) 37... Kg8 38. Rf1 Be3 (38... Bb2 {is a better defense.} 39. Ne8 Rh8 40. Nf6+ Kf8 41. Nxg4+ Ke7) 39. Bxa3 Rh7 40. Nc4 Bd4 41. Rf6 Re7 42. b4 ({White should try} 42. Rg6+ $16 Kh7 43. Rxg4) 42... Kg7 $14 43. Rf5 Ra7 44. Rf1 ({Worse is} 44. Nxe5 Bxe5 45. Rxe5 Nd4 $17) 44... Ng5 {[%emt 0:01:18] The position is equal.} 45. Re1 Ra8 46. Re2 Nf3 47. Bc1 Rh8 {[%emt 0:01:22] ( -> ...Rh2+)} 48. Be3 Rh2+ 49. Kf1 {[%emt 0:00:00] And now Rxh2 would win.} Rh1+ 50. Kg2 Rh2+ 51. Kf1 {[%emt 0:00:00] Threatens to win with Rxh2.} Rh1+ 52. Kg2 Rh2+ {[%emt 0:00:04] Black escapes into a draw.  Weighted Error Value: White=0.24 (precise) /Black=0.30} 1/2-1/2

[Event "39th Muensterland Open 2022"]
[Site "Muenster"]
[Date "2022.10.04"]
[Round "5.1"]
[White "Koellner, Ruben Gideon"]
[Black "Quinones-Maletti, Julio Guillermo"]
[Result "1-0"]
[ECO "A46"]
[WhiteElo "2403"]
[BlackElo "2020"]
[Annotator "TA"]
[PlyCount "107"]
[EventDate "2022.10.01"]
[EventType "swiss"]
[EventCountry "GER"]
[SourceTitle "playchess.com"]
[Source "ChessBase"]
[SourceQuality "1"]
[TimeControl "40/5400+30:1800+30"]

1. d4 Nf6 2. Nf3 d6 3. Nbd2 Bf5 4. Nh4 Bd7 5. e4 e5 6. dxe5 {[%emt 0:00:16] A46: 1 d4 Nf6 2 Nf3 e6: Torre, London and Colle Systems.} dxe5 7. Nhf3 {[%emt 0:00:12] [#]} Bd6 $146 ({Predecessor:} 7... Nc6 8. Bc4 Bc5 9. c3 a5 10. Qe2 O-O 11. Nf1 a4 12. Ng3 Ne8 13. O-O Nd6 {½-½ (27) Vorotnikov,V (2474)-Dvalishvili,P (2440) Moscow 2015}) 8. Bd3 {[%emt 0:00:57] The position is equal.} Bc6 9. O-O Nbd7 10. b3 O-O 11. Bb2 Re8 12. Qe2 a6 13. Nc4 Nc5 14. Ncxe5 {[%emt 0:17:44] And now Bc4 would win.} Bxe4 15. Bxe4 Ncxe4 (15... Bxe5 16. Bxh7+ (16. Nxe5 Ncxe4 17. f3 Ng5 $14) 16... Nxh7 17. Nxe5 $16) 16. Qc4 Re6 {[%emt 0:16:58] With the idea ...Qe8.} 17. Rfe1 {[%emt 0:20:47][%cal Oe5f7] Threatens to win with Nxf7!} Qe8 18. Rxe4 {[%emt 0:23:25] [#]} Nxe4 (18... b5 $1 $17 19. Qe2 Nxe4 20. Qxe4 f6) 19. Qxe4 $15 f6 20. Qh4 {[%emt 0:04:06] Hoping for Ng4.} fxe5 21. Ng5 Rh6 22. Qc4+ Kf8 23. Re1 Qg6 24. f4 {[%emt 0:02:24] [#]} ({Better is} 24. Bc1 $15) 24... Be7 (24... Re8 25. fxe5 Qxg5 26. Rf1+ Rf6 27. exf6 Qc5+ 28. Bd4 Qxc4 29. fxg7+ (29. bxc4 gxf6 30. Rxf6+ Kg8 $11) 29... Kg8 30. bxc4 $16) (24... b5 $1 $17 25. Qd5 Re8 26. Bxe5 Bxe5 27. Rxe5 Rxe5 28. Qxe5 Qb6+ 29. Kf1 Qd6 30. Qf5+ Ke8 31. Qe4+ (31. Qf7+ Kd8 $17) 31... Qe7) 25. Rxe5 $11 {[%emt 0:00:46] Dancing on a razor blade.} b5 $1 26. Ne6+ {[%emt 0:02:03][%mdl 1024] White has compensation.} Kf7 $2 (26... Kg8 $11 27. Qd5 (27. Qxc7 Qf7 $11) 27... c6 28. Qxc6 Re8) 27. Qd5 $18 (27. Ng5+ Kf8 28. Ne6+ (28. Qxc7 Qb6+ 29. Qxb6 Rxb6 $16) (28. Qd5 Rd8 $11) 28... Qxe6 29. Qxe6 Rxe6 30. Rxe6 Bd6 $16) 27... c6 28. Ng5+ $2 (28. Qxc6 $18 {is the precise move to win.} Rb8 29. Qd5) 28... Kf8 $16 29. Ne6+ $2 (29. Rf5+ $16 Ke8 30. Qe5) 29... Kf7 $18 30. Ng5+ $2 (30. Qxc6 $18 Rb8 31. Qd5) 30... Kf8 $14 31. Ne6+ $2 (31. Rf5+ $14 Ke8 32. Qe5) 31... Kf7 $18 {[%emt 0:00:15] White leaves nothing to chance now.} 32. Qxc6 Qg4 33. Qxa8 $2 (33. Ng5+ {mates} Bxg5 34. Qb7+ Kg6 35. Rxg5+ Qxg5 36. Qxg7+ Kf5 37. Qxg5+ Ke6 38. Qxh6+ Kd5 39. Qxh7) 33... Qd1+ 34. Kf2 {[%emt 0:00:07] Threatening mate with Ng5+.} Rxe6 35. Rxe6 Kxe6 {[%emt 0:00:54][%mdl 4096] Endgame KQB-KQB} (35... Qxc2+ $142 36. Kf3 (36. Re2 Bc5+ 37. Ke1 Qb1+ 38. Kd2 Qxb2+ 39. Kd3 Qb1+ 40. Rc2 Qf1+ 41. Ke4 Qe1+ 42. Kd5 Qd1+ 43. Kxc5 Qxc2+ 44. Kd6 Qg6+ 45. Kc7 Qc2+ 46. Kd6 Qg6+ 47. Kc7 Qc2+ 48. Qc6 Qxa2 $14) 36... Kxe6 37. Qg8+ (37. Bxg7 Qd3+ 38. Kf2 Bc5+ 39. Ke1 Qb1+ 40. Ke2 Qxa2+ 41. Kd3 Qb1+ 42. Ke2 Qc2+ 43. Kf3 Qxb3+ 44. Kg4 Qd1+ 45. Qf3 h5+ 46. Kg3 Qe1+ 47. Kh3 Qe3 $19) (37. Qxa6+ Kf7 $11) 37... Kd7 38. Qd5+ (38. Qxg7 Qd3+ 39. Kf2 Qd2+ 40. Kf1 Qd1+ 41. Kf2 Qd2+ 42. Kg3 Qd3+ 43. Kg4 h5+ 44. Kxh5 Qf5+ 45. Kh6 Qxf4+ 46. Kg6 Qe4+ 47. Kh5 Qf5+ 48. Kh6 Qf4+ 49. Kh7 Qxh2+ 50. Kg8 Qb8+ 51. Kh7 Qh2+ 52. Kg8 Qb8+ 53. Kh7 Qh2+ $11) 38... Bd6) 36. Qe4+ Kf7 37. Bd4 ({But not} 37. Qxh7 Bh4+ 38. g3 Qd2+ 39. Kf3 Bf6 40. Qh5+ Kf8 41. Qh8+ Kf7 $18) 37... Qh5 38. Qe5 Qh4+ 39. Kf3 Qh6 40. Qd5+ Kf8 41. c4 bxc4 42. bxc4 ({Less strong is} 42. Qf5+ Ke8 43. Qc8+ Bd8 44. Qxc4 Qh5+ 45. Ke3 Qxh2 46. Qg8+ Kd7 47. Qxg7+ Kc6 $18) 42... Qxh2 (42... g5 $142 43. fxg5 Qh5+ 44. Ke4 Qxh2 45. Qf5+ Ke8 46. Qc8+ Kf7) 43. Qf5+ Ke8 44. Qh3 ({Not} 44. Qe6 Qh5+ 45. Ke3 Qa5 46. Qc6+ Kf7 $16) 44... Qxh3+ 45. gxh3 {[%emt 0:00:01] KB-KB} g5 46. f5 {[%emt 0:00:25][%cal Bf4f5,Bf5f6,Bf6f7][%mdl 32] Ke4 is the strong threat.} h5 47. Ke4 Kf7 48. c5 Ke8 49. f6 Bd8 50. Kf5 (50. c6 $142 Bc7 51. Kf5 Kd8 52. Ke6 Ba5 53. f7 Bb4 54. Bf6+ Kc7 55. Be7) 50... g4 51. hxg4 {[%emt 0:00:26] White mates.} hxg4 52. Ke6 Bc7 53. f7+ Kf8 54. c6 {[%emt 0:00:05] Weighted Error Value: White=0.60/Black=0.58} 1-0

[Event "39th Muensterland Open 2022"]
[Site "Muenster"]
[Date "2022.10.04"]
[Round "5.2"]
[White "Scholz, Christian"]
[Black "Pfreundt, Jakob"]
[Result "0-1"]
[ECO "E36"]
[WhiteElo "2332"]
[BlackElo "2394"]
[Annotator "TA"]
[PlyCount "118"]
[EventDate "2022.10.01"]
[EventType "swiss"]
[EventCountry "GER"]
[SourceTitle "playchess.com"]
[Source "ChessBase"]
[SourceQuality "1"]
[TimeControl "40/5400+30:1800+30"]

1. d4 Nf6 2. c4 e6 3. Nc3 Bb4 4. Qc2 d5 5. a3 Bxc3+ 6. Qxc3 O-O {[%emt 0:00:46] is the new trend.} 7. Nf3 b6 {[%emt 0:00:48] E36: Nimzo-Indian: Classical: 4...d5 5 a3.} 8. Bg5 Nbd7 9. cxd5 exd5 {[%emt 0:00:11] The position is equal.} 10. e3 c5 11. Bb5 h6 12. Bh4 g5 {[%emt 0:00:12] [#]} 13. Bc6 $146 (13. Bg3 $14 {keeps the upper hand.}) ({Predecessor:} 13. Bg3 Ne4 14. Qc2 Ndf6 15. Ne5 Bf5 16. Qd1 Nxg3 17. hxg3 Kg7 18. f3 Ng8 19. Bd3 {½-½ (30) Matei,C (2483)-Novak,J (2513) ICCF email 2011}) 13... Ba6 $1 $19 14. Bxa8 {[%emt 0:00:21] Strongly threatening Bc6.} Qxa8 15. Bg3 Ne4 16. Qc2 cxd4 $1 17. exd4 (17. Nxd4 Rc8 18. Qb1 Ndc5) 17... Qe8 $2 (17... Rc8 $19 18. Qa4 Nec5 19. dxc5 Nxc5 20. Qxa6 Nxa6) 18. O-O-O $15 Qe6 $1 {[%emt 0:01:56][%mdl 1024] Black has compensation.} 19. Kb1 {[%emt 0:07:17] [#]} (19. Qa4 $15 Be2 20. Kb1 (20. Rde1 $2 Bd3 $19) 20... Bxd1 21. Rxd1) 19... Qf5 $1 $17 (19... Rc8 20. Qa4 Bc4 21. Rhe1 $16 (21. Qxa7 Qc6 $15)) 20. Bc7 Rc8 {[%emt 0:00:09][%cal Bf8c8,Bc8c7,Bc7c4,Bc4a4,Ba4a5][%mdl 32] And now ...Bc4 would win.} 21. Ka1 Bc4 22. b3 (22. Be5 f6 23. Bc7 (23. b3 Ba6 $17) 23... Rxc7 $17) 22... Rxc7 23. bxc4 Rxc4 24. Qb2 Nd6 25. Rc1 {[%emt 0:01:02] [#]} ({Better is} 25. Nd2 $15 Ra4 26. h4) 25... Ra4 $1 {[%emt 0:00:23] Hoping for ...Nc4. Black is more active.} 26. Rc3 Nc4 27. Qb5 Ra5 28. Qb4 Nf6 {[%emt 0:02:59] Pair of Knights!} 29. Rhc1 $2 ({White must play} 29. Ne5 $1 $15) 29... Ne4 $19 30. Rxc4 dxc4 31. Rxc4 Rb5 ({Stronger than} 31... Nxf2 32. Qb3) ({Not} 31... g4 32. Ne5 Qxf2 33. Rc1 $17) 32. Rc5 Qxc5 ({Inferior is} 32... bxc5 33. Qxb5 Qf4 34. Qe8+ Kh7 35. Ka2 $17) (32... Rxb4 33. Rxf5 Rb3 34. Ka2 $17) 33. dxc5 Rxb4 34. axb4 bxc5 35. bxc5 Nxc5 {[%emt 0:00:05][%mdl 4096] Endgame KN-KN} 36. Nd4 (36. Ne1 $142) 36... Kg7 37. f3 Kf6 38. g3 $2 (38. Nc2) 38... Nd3 39. Kb1 Ne1 40. Kb2 Ke5 41. Kc3 h5 42. Kc4 a6 43. Nc6+ Kf6 44. Nd4 g4 45. fxg4 hxg4 {[%emt 0:00:06] White must now prevent ...Nf3.} 46. Kb4 Nf3 47. Ne2 Nxh2 48. Ka5 Ke5 {[%emt 0:00:54] Black mates.} 49. Kxa6 Ke4 50. Kb5 Kf3 51. Nd4+ Kxg3 52. Kc4 Kf2 53. Kd3 Nf3 54. Nf5 g3 55. Ne3 g2 56. Nxg2 Kxg2 57. Ke4 Nh4 58. Kf4 f5 59. Kg5 Kg3 {[%emt 0:00:05] Weighted Error Value: White=0.54/Black=0.09 (flawless)} 0-1

[Event "39th Muensterland Open 2022"]
[Site "Muenster"]
[Date "2022.10.04"]
[Round "5.3"]
[White "Bungarten, Jona"]
[Black "Knudsen, Simon"]
[Result "1-0"]
[ECO "B22"]
[WhiteElo "2010"]
[BlackElo "2250"]
[Annotator "TA"]
[PlyCount "91"]
[EventDate "2022.10.01"]
[EventType "swiss"]
[EventCountry "GER"]
[SourceTitle "playchess.com"]
[Source "ChessBase"]
[SourceQuality "1"]
[TimeControl "40/5400+30:1800+30"]

1. e4 c5 2. Nf3 Nc6 3. c3 d5 4. exd5 Qxd5 5. d4 Nf6 6. Be2 e6 7. O-O Be7 8. c4 Qd8 9. Be3 cxd4 10. Nxd4 Nxd4 11. Bxd4 O-O 12. Nc3 Bd7 {[%emt 0:08:30] B22: Sicilian: 2 c3.} 13. Bf3 {[%emt 0:05:21] [#]} Qc8 $146 ({Predecessor:} 13... Qc7 14. Qe2 Bc6 15. b3 a6 16. Rad1 Bxf3 17. Qxf3 Rfd8 18. Na4 Nd7 19. c5 a5 20. Rc1 {½-½ (74) Ivekovic,Z (2161)-Ben,T (1966) Sibenik 2007}) 14. Qb3 Bc6 {[%emt 0:00:36] The position is equal.} 15. Bxc6 Qxc6 16. Qb5 Rac8 17. Bxa7 Qxc4 18. Qxb7 Bd6 19. Rfd1 Rc7 ({Don't do} 19... Qf4 20. g3 Qb4 21. Qxb4 Bxb4 22. a4 $16) 20. Qf3 Bxh2+ 21. Kxh2 Rxa7 22. g3 (22. Kg1 $11) 22... Ra5 $17 {[%emt 0:03:09] ...Rf5 is the strong threat.} 23. Kg1 h5 24. Qd3 Qg4 ({Black should play} 24... Qc6 $17) 25. Qd4 Qg6 26. Rd3 (26. Rd2 $17) 26... h4 $19 27. Rad1 Rh5 28. b4 $2 (28. Ne2 hxg3 29. Nxg3) 28... e5 29. Qb6 e4 $2 (29... hxg3 $19 30. Rxg3 Qh6) 30. Rd8 $11 hxg3 31. Rxf8+ Kh7 $1 {[%emt 0:00:19] ( -> ...gxf2+)} 32. Qb8 $1 Rh1+ 33. Kg2 Rh2+ 34. Kg1 gxf2+ 35. Kxh2 Qh5+ 36. Kg2 {[%emt 0:01:15] Intending Rh8+ and mate.} Qf3+ 37. Kf1 {[%emt 0:12:00] Threatens to win with Rh8+.} Ng4 $2 {[%emt 0:00:46][%mdl 8192] [#]} (37... Qh3+ $11 38. Ke2 (38. Kxf2 Ng4+ 39. Ke1 Qxc3+ 40. Rd2 Qc1+ 41. Ke2 Qc4+ 42. Ke1 Qc1+ 43. Ke2 Qc4+ 44. Ke1 Qc1+ $11) 38... Qf3+ 39. Kf1 Qh3+ 40. Ke2 (40. Kxf2 Ng4+ 41. Ke1 Qxc3+ 42. Rd2 Qc1+ 43. Ke2 Qc4+ 44. Ke1 Qc1+ 45. Ke2 Qc4+ 46. Ke1 Qc1+ $11) 40... Qf3+ 41. Kf1) 38. Rh8+ Kg6 39. Rd6+ Kg5 40. Rd5+ Kg6 41. Rd6+ Kg5 $1 42. Qd8+ {[%emt 0:00:17] White mates.} Nf6 {[%emt 0:00:00] [#]} 43. Rxf6 $1 gxf6 44. Qd5+ f5 45. Nxe4+ Kf4 46. Qd2+ {[%emt 0:07:07] What a bad dream for Black.  Weighted Error Value: White=0.46/Black=0.28 (precise)} 1-0

[Event "39th Muensterland Open 2022"]
[Site "Muenster"]
[Date "2022.10.04"]
[Round "5.4"]
[White "Jansen, Dirk Norbert"]
[Black "Panjer, Sidney"]
[Result "1/2-1/2"]
[ECO "D36"]
[WhiteElo "2125"]
[BlackElo "2197"]
[Annotator "TA"]
[PlyCount "59"]
[EventDate "2022.10.01"]
[EventType "swiss"]
[EventCountry "GER"]
[SourceTitle "playchess.com"]
[Source "ChessBase"]
[SourceQuality "1"]
[TimeControl "40/5400+30:1800+30"]

1. c4 e6 2. Nc3 d5 3. d4 Nf6 4. cxd5 exd5 5. Bg5 c6 6. e3 Be7 7. Bd3 Nbd7 8. Qc2 Nh5 9. Bxe7 Qxe7 10. O-O-O Nb6 11. Kb1 {[%emt 0:01:56] D36: Queen's Gambit Declined: Exchange Variation: Main line (5 Bg5 c6 6 Qc2).} Be6 12. Nf3 ({Not} 12. Bxh7 $2 g6 13. Bxg6 fxg6 14. Qxg6+ Bf7 $19) 12... O-O-O 13. Rc1 {[%emt 0:01:26] White is slightly better.} (13. Bxh7 $2 g6 14. Bxg6 fxg6 $17) 13... Kb8 14. Na4 {[%emt 0:02:39] [#]} ({Wrong is} 14. Bxh7 $2 g6 15. Bxg6 fxg6 $19) 14... g6 $146 ({Predecessor:} 14... Nf6 15. Nc5 Bc8 16. Qb3 Nfd7 17. Rc3 Ka8 18. Rhc1 g5 19. Qc2 g4 20. Nd2 Nxc5 21. Rxc5 {1-0 (68) Martirosyan,H (2621)-Bartel,M (2616) Warsaw 2021}) 15. Nc5 Ng7 16. Nxe6 Nxe6 17. Qb3 Ng5 18. Nxg5 Qxg5 19. g3 Rhe8 20. a4 Re6 21. Rc2 Rc8 22. Rhc1 Rc7 23. a5 Nc8 24. a6 $36 {[%emt 0:02:36][%cal Oc2c6][%mdl 2048] Hoping for Rxc6! White is pushing.} b6 25. Bb5 Ne7 26. Qa4 Qf6 (26... cxb5 27. Rxc7 Qf5+ 28. Qc2 Qxc2+ 29. R1xc2 $18) 27. Bd3 Rd6 28. b4 Qe6 29. b5 cxb5 $2 {[%emt 0:00:29][%mdl 8192] [#]} (29... Qc8 $14) 30. Bxb5 $2 {[%emt 0:03:42] Weighted Error Value: White=0.09 (flawless) /Black=0.10 (very precise)} (30. Rxc7 $1 $18 bxa4 31. Rb7+ Ka8 {[#]} 32. Rxe7 $1 ) 1/2-1/2

[Event "39th Muensterland Open 2022"]
[Site "Muenster"]
[Date "2022.10.04"]
[Round "5.5"]
[White "Dordevic, Tom"]
[Black "Wichtrup, Jan-Louis"]
[Result "1-0"]
[ECO "A48"]
[WhiteElo "1767"]
[BlackElo "2172"]
[Annotator "TA"]
[PlyCount "51"]
[EventDate "2022.10.01"]
[EventType "swiss"]
[EventCountry "GER"]
[SourceTitle "playchess.com"]
[Source "ChessBase"]
[SourceQuality "1"]
[TimeControl "40/5400+30:1800+30"]

1. d4 Nf6 2. Nf3 b6 3. Bf4 Bb7 4. e3 g6 5. Be2 Bg7 6. Nbd2 c5 7. c3 d6 8. h3 O-O 9. O-O Nbd7 10. a4 a6 11. Rb1 {[%emt 0:02:07] A48: 1 d4 Nf6 2 Nf3 g6: Torre, London and Colle Systems.} Rc8 {[%emt 0:04:46] [#]} 12. Qb3 $146 ({Predecessor:} 12. Bh2 Ne4 13. Nxe4 Bxe4 14. Bd3 Bxd3 15. Qxd3 c4 16. Qe2 Qc7 17. Rfc1 Qc6 18. Qc2 Rc7 {½-½ (28) Flores,C (1527)-Viertler,S (1572) Sao Paulo 2019}) 12... Rc7 13. Bh2 {[%emt 0:06:30] White has an edge.} Qa8 14. c4 cxd4 15. exd4 Ne4 16. Nxe4 Bxe4 17. Ra1 Rfc8 18. a5 Rb7 (18... bxa5 $11 19. Qe3 e5) 19. Ng5 bxa5 20. Qe3 {[%emt 0:00:00] White is more active.} d5 (20... Bh6 $2 21. Qxe4 Bxg5 22. Bf3 $18) 21. Nxe4 dxe4 22. Qxe4 {[%emt 0:00:00] [#] Black must now prevent Bf3.} (22. b3 $5 ) 22... Rxb2 23. Qe3 Nb6 24. Rfb1 Rxb1+ ({Don't play} 24... Nxc4 25. Bxc4 Rxc4 26. Rxb2 $16) (24... Rb4 $11 {and Black is okay.}) 25. Rxb1 $18 Qa7 {[%emt 0:02:29] [#]} (25... Nxc4 $2 26. Bxc4 Qa7 27. Qb3 Bxd4 28. Bxf7+ Kg7 29. Bc4) (25... Rd8 $16) 26. d5 {[%emt 0:00:00] Weighted Error Value: White=0.11 (very precise) /Black=0.53} 1-0

[Event "39th Muensterland Open 2022"]
[Site "Muenster"]
[Date "2022.10.04"]
[Round "5.6"]
[White "Weidemann, Jakob"]
[Black "Holtel, Jasper"]
[Result "1/2-1/2"]
[ECO "B51"]
[WhiteElo "2084"]
[BlackElo "2413"]
[Annotator "TA"]
[PlyCount "81"]
[EventDate "2022.10.01"]
[EventType "swiss"]
[EventCountry "GER"]
[SourceTitle "playchess.com"]
[Source "ChessBase"]
[SourceQuality "1"]
[TimeControl "40/5400+30:1800+30"]

1. e4 c5 2. Nf3 d6 3. Bb5+ Nd7 4. O-O a6 5. Bd3 Ngf6 6. c3 {[%emt 0:00:24] B51: Sicilian: Moscow Variation (3 Bb5+) without 3...Bd7.} b5 7. a4 Bb7 8. axb5 {[%emt 0:00:21] White is slightly better.} (8. Re1 {is more complex.} c4 9. Bc2 e6 10. d4) 8... axb5 9. Rxa8 Qxa8 10. Bxb5 {[%emt 0:00:19] Black must now prevent d4.} Bxe4 11. d4 {[%emt 0:00:08][%cal Od4c5] [#] Threatens to win with dxc5!} Bc6 {[%emt 0:20:48] [#]} (11... Bxb1 {seems wilder.} 12. dxc5 Be4 13. Re1 Bxf3 14. gxf3 Kd8) 12. Bxc6 $146 ({Predecessor:} 12. Na3 e6 13. dxc5 dxc5 14. Bg5 Be7 15. Bxf6 Nxf6 16. Bxc6+ Qxc6 17. Ne5 Qa8 18. Qf3 {0-1 (45) Csonka,B (2474)-Vokhidov,S (2536) Chess.com INT 2022}) 12... Qxc6 13. dxc5 dxc5 14. Na3 e6 15. Nc4 Be7 16. Nce5 Nxe5 17. Nxe5 Qa8 18. Bg5 {[%emt 0:10:26] [#] And now Bxf6 would win.} O-O 19. Bxf6 gxf6 20. Qd7 Re8 21. Nc6 Bf8 22. Rd1 Qc8 23. Nd8 Qxd7 24. Rxd7 Re7 25. Rxe7 Bxe7 $14 {[%emt 0:00:00][%mdl 4096] Endgame KB-KN} 26. Nb7 Kf8 27. Kf1 Ke8 28. Ke2 Kd7 29. Kd3 Kc6 30. Na5+ Kd5 31. Nc4 f5 32. Ne3+ Kc6 33. Kc4 Bh4 34. f3 (34. g3 $5 Be7 35. Ng2 $11) 34... Bf2 {[%emt 0:00:25] The position is equal.} 35. Nf1 Bg1 36. h3 Bf2 37. b3 Be1 38. Kd3 Bf2 39. Kc4 Be1 40. Kd3 Bf2 41. Kc4 {[%emt 0:31:21] Weighted Error Value: White=0.05 (flawless) /Black=0.05 (flawless)} 1/2-1/2